Inferno vs Remparts
(R1)
Created - November 6, 2020 at 19:11
Goals
|
| Inferno |
0 |
1 |
2 |
3 |
| Remparts |
1 |
2 |
1 |
4 |
|
Shots
|
| Inferno |
8 |
10 |
8 |
26 |
| Remparts |
18 |
18 |
5 |
41 |
|
1st period
1. Remparts , Aaron Ekblad 2 (Michal Jordan 3, Aleksander Barkov 11) at 16:14
Penalties :
Vladimir Sobotka (Anc) for Diving (Minor) at 3:13, Griffin Reinhart (Que) for Hooking (Minor) at 12:01, Esa Lindell (Anc) for Hooking (Minor) at 16:57
2nd period
2. Inferno , Esa Lindell 1 (Kevin Labanc 10, Christian Folin 6) at 9:21 (PP)
3. Remparts , Aleksander Barkov 8 (Pontus Aberg 13) at 11:56 (PP)
4. Remparts , William Colbert 1 (Michael Latta 6, Griffin Reinhart 2) at 17:41 (PP)
Penalties :
Aleksander Barkov (Que) for Tripping (Minor) at 2:07, Frank Corrado (Anc) for Tripping (Minor) at 6:04, Quinton Howden (Que) for Hooking (Minor) at 8:35, Peter Cehlarik (Anc) for High sticking (Minor) at 11:52, Kirill Kaprizov (Que) for Hooking (Minor) at 13:22, Peter Cehlarik (Anc) for Cross-checking (Minor) at 16:32
3rd period
5. Remparts , Pontus Aberg 8 (Aleksander Barkov 12) at 0:43 (PP)
6. Inferno , Bryan Rust 3 (Vladimir Sobotka 4) at 18:04
7. Inferno , Matthew Nieto 9 (Kevin Labanc 11) at 18:53
Penalties :
Greg Pateryn (Anc) for Hooking (Minor) at 0:41, Vladimir Sobotka (Anc) for Tripping (Minor) at 2:35, Griffin Reinhart (Que) for Roughing (Minor) at 7:41, Niklas Hansson (Que) for Interference (Minor) at 19:04
Goalie Stats
Michael Hutchinson (Anc), 37 saves from 41 shots - (0.902), L, 4-1-1, 59:16 minutes
Garret Sparks (Que), 23 saves from 26 shots - (0.885), W, 2-2-0, 60:00 minutes
Players Stats for Inferno
Player Name G A P +/- PIM S H SB GA TA FO MP PP MP PK MP
------------------------------------------------------------------------------------
Barclay Goodrow 0 0 0 0 0 0 1 0 0 0 0/0 6:40 0:00 0:00
Bryan Rust 1 0 1 0 0 6 1 1 0 0 0/2 21:34 0:01 5:02
Christian Folin 0 1 1 1 0 1 2 3 1 0 0/0 27:19 5:39 4:46
Esa Lindell 1 0 1 1 2 2 1 1 1 1 0/0 26:49 5:39 3:35
Evgeny Svechnikov 0 0 0 0 0 1 1 0 0 0 0/0 10:51 4:11 0:00
Frank Corrado 0 0 0 0 2 0 0 2 0 0 0/0 10:42 0:00 0:13
Greg Pateryn 0 0 0 0 2 2 0 1 1 1 0/0 23:01 3:58 4:13
Jake DeBrusk 0 0 0 0 0 3 0 0 0 0 0/0 12:48 4:11 1:41
Kevin Labanc 0 2 2 1 0 1 1 1 0 0 0/1 15:43 5:05 0:00
Mathieu Brodeur 0 0 0 0 0 2 2 0 0 2 0/0 22:28 3:58 4:42
Matthew Nieto 1 0 1 1 0 4 3 0 1 0 1/2 14:51 0:22 2:20
Peter Cehlarik 0 0 0 0 4 0 0 0 0 1 0/0 6:59 0:01 0:00
Philip Varone 0 0 0 1 0 1 3 1 2 1 7/15 18:39 4:10 3:39
Rasmus Andersson 0 0 0 0 0 0 0 1 0 0 0/0 10:20 0:00 0:53
Ryan Spooner 0 0 0 0 0 1 3 1 1 0 3/5 9:34 0:00 2:12
Tanner Pearson 0 0 0 0 0 2 0 0 0 0 0/1 20:10 5:25 0:00
Victor Rask 0 0 0 0 0 0 1 0 0 0 6/14 12:43 5:25 0:32
Vladimir Sobotka 0 1 1 0 4 0 2 2 0 0 12/25 19:31 0:00 2:56
Players Stats for Remparts
Player Name G A P +/- PIM S H SB GA TA FO MP PP MP PK MP
------------------------------------------------------------------------------------
Aaron Ekblad 1 0 1 0 0 3 0 0 0 0 0/0 31:07 5:36 6:22
Aleksander Barkov 1 2 3 0 2 7 1 0 0 0 20/33 19:47 5:12 0:00
Cedric Paquette 0 0 0 -1 0 2 2 0 0 0 2/6 8:01 0:00 1:54
Griffin Reinhart 0 1 1 -1 4 2 2 0 0 2 0/0 18:20 3:35 0:00
Jake Virtanen 0 0 0 0 0 0 4 0 1 0 1/1 14:23 3:55 0:00
Jerry D'Amigo 0 0 0 0 0 2 3 0 0 1 2/2 13:12 0:04 2:48
John Draeger 0 0 0 0 0 1 2 1 0 1 0/0 12:22 0:00 4:10
Juuso Ikonen 0 0 0 -1 0 1 0 0 0 1 0/0 8:24 0:04 1:57
Kirill Kaprizov 0 0 0 0 2 1 1 1 1 0 0/0 14:22 3:55 0:00
Michael Latta 0 1 1 0 0 5 3 1 1 0 9/16 19:35 3:59 5:10
Michael McCarron 0 0 0 -1 0 0 0 0 0 0 0/1 6:07 0:00 0:00
Michal Jordan 0 1 1 0 0 6 1 0 0 0 0/0 23:55 5:36 0:00
Niklas Hansson 0 0 0 0 2 0 0 0 0 0 0/0 13:50 0:00 5:27
Pontus Aberg 1 1 2 0 0 4 1 0 1 0 0/2 19:28 5:12 0:00
Quinton Howden 0 0 0 0 2 3 0 0 1 0 2/4 12:36 0:00 2:33
Roberts Lipsbergs 0 0 0 0 0 0 0 0 0 0 0/0 10:04 0:00 0:00
Tobias Rieder 0 0 0 0 0 3 3 0 0 0 0/0 24:21 5:12 4:52
William Colbert 1 0 1 -1 0 1 1 0 1 2 0/0 20:23 3:35 3:15
3 Stars
1 - Aleksander Barkov (Que)
2 - Pontus Aberg (Que)
3 - Matthew Nieto (Anc)
Power Play
Inferno - 1 on 6 Attempt(s) - 16.67%
Remparts - 3 on 7 Attempt(s) - 42.86%
Penalty Kill
Inferno - 4 on 7 Attempt(s) - 57.14%
- Score 0 goal in Penalty Kill
Remparts - 5 on 6 Attempt(s) - 83.33%
- Score 0 goal in Penalty Kill
Team Stat
Inferno - Hits : 21 - Faceoff Wins : 29 - Blocked Shots : 14 - Penalty Minutes : 14
Remparts - Hits : 24 - Faceoff Wins : 36 - Blocked Shots : 3 - Penalty Minutes : 12
Official
Referees : Unknown
Linesman : Unknown
Game Notes
6:44 of 3rd period - Remparts goal is going for a video replay. After video review, No Goal. The attacking player has interfered with a goalkeeper in his goal crease.
Finance
Level 1 -- Attendance: 1792 (89.60%) -- Ticket Income $53,760
Level 2 -- Attendance: 647 (64.70%) -- Ticket Income $12,940
Total Attendance: 2439 (81.30%)
Total Ticket Income: $66,700
Other Income: $3,335
Total Income: $70,035
Inferno
5 vs 5 Forward
Center Left Wing Right Wing Time % Phy DF OF
1 Vladimir Sobotka Tanner Pearson Bryan Rust 40 1 2 2
2 Philip Varone Matthew Nieto Kevin Labanc 30 1 2 2
3 Victor Rask Jake DeBrusk Evgeny Svechnikov 20 1 2 2
4 Ryan Spooner Peter Cehlarik Barclay Goodrow 10 1 2 2
5 vs 5 Defense
Defense Defense Time % Phy DF OF
1 Christian Folin Esa Lindell 40 1 2 2
2 Mathieu Brodeur Greg Pateryn 30 1 2 2
3 Frank Corrado Rasmus Andersson 20 1 2 2
4 Mathieu Brodeur Greg Pateryn 10 1 2 2
PowerPlay Forward
Center Left Wing Right Wing Time % Phy DF OF
1 Victor Rask Tanner Pearson Kevin Labanc 60 1 2 2
2 Philip Varone Jake DeBrusk Evgeny Svechnikov 40 1 2 2
PowerPlay Defense
Defense Defense Time % Phy DF OF
1 Christian Folin Esa Lindell 60 1 2 2
2 Mathieu Brodeur Greg Pateryn 40 1 2 2
Penalty Kill 4 Players Forward
Center Wing Time % Phy DF OF
1 Vladimir Sobotka Bryan Rust 60 1 2 2
2 Philip Varone Matthew Nieto 40 1 2 2
Penalty Kill 4 Players Defense
Defense Defense Time % Phy DF OF
1 Christian Folin Esa Lindell 60 1 2 2
2 Mathieu Brodeur Greg Pateryn 40 1 2 2
Penalty Kill - 3 Players Forward
Forward Time % Phy DF OF
1 Vladimir Sobotka 60 1 2 2
2 Bryan Rust 40 1 2 2
Penalty Kill - 3 Players Defense
Defense Defense Time % Phy DF OF
1 Christian Folin Esa Lindell 60 1 2 2
2 Mathieu Brodeur Greg Pateryn 40 1 2 2
4 vs 4 Forward
Center Wing Time % Phy DF OF
1 Vladimir Sobotka Tanner Pearson 60 1 2 2
2 Philip Varone Bryan Rust 40 1 2 2
4 vs 4 Defense
Defense Defense Time % Phy DF OF
1 Christian Folin Esa Lindell 60 1 2 2
2 Mathieu Brodeur Greg Pateryn 40 1 2 2
Last Minutes Offensive
Center Left Wing Right Wing Defense Defense
Vladimir Sobotka Tanner Pearson Bryan Rust Christian Folin Esa Lindell
Last Minutes Defensive
Center Left Wing Right Wing Defense Defense
Vladimir Sobotka Tanner Pearson Bryan Rust Christian Folin Esa Lindell
Goaltenders
Starting : Michael Hutchinson
Backup : Antti Raanta
Extra Forwards
Normal : Jake DeBrusk, Matthew Nieto, Evgeny Svechnikov - PP : Evgeny Svechnikov, Matthew Nieto - PK : Ryan Spooner
Extra Defensemen
Normal : Mathieu Brodeur, Greg Pateryn, Rasmus Andersson - PP : Greg Pateryn - PK : Mathieu Brodeur, Greg Pateryn
Penalty Shots
Tanner Pearson, Jake DeBrusk, Evgeny Svechnikov, Kevin Labanc, Victor Rask
Scratches
Chris Brown (Healthy), Tyler Shattock (Healthy), Christian Jaros (Healthy), Trevor Carrick (Healthy), Petteri Lindbohm (Healthy)
Alexander True (Healthy), Eric Karlsson (Healthy), John Gilmour (Healthy), Ryan Donato (Healthy), Vladislav Kamenev (Healthy)
Dominik Masin (Healthy), Brandon Hickey (Healthy), Nathan Lieuwen (Healthy), Vitek Vanecek (Healthy)
Remparts
5 vs 5 Forward
Center Left Wing Right Wing Time % Phy DF OF
1 Aleksander Barkov Pontus Aberg Tobias Rieder 40 0 2 3
2 Michael Latta Kirill Kaprizov Jake Virtanen 30 0 2 3
3 Quinton Howden Roberts Lipsbergs Jerry D'Amigo 20 0 3 2
4 Cedric Paquette Juuso Ikonen Michael McCarron 10 1 2 2
5 vs 5 Defense
Defense Defense Time % Phy DF OF
1 Aaron Ekblad Michal Jordan 40 0 2 3
2 William Colbert Griffin Reinhart 30 0 2 3
3 Niklas Hansson John Draeger 20 1 2 2
4 Aaron Ekblad Griffin Reinhart 10 0 2 3
PowerPlay Forward
Center Left Wing Right Wing Time % Phy DF OF
1 Aleksander Barkov Pontus Aberg Tobias Rieder 60 0 1 4
2 Michael Latta Kirill Kaprizov Jake Virtanen 40 0 1 4
PowerPlay Defense
Defense Defense Time % Phy DF OF
1 Aaron Ekblad Michal Jordan 60 0 2 3
2 Griffin Reinhart William Colbert 40 0 2 3
Penalty Kill 4 Players Forward
Center Wing Time % Phy DF OF
1 Michael Latta Tobias Rieder 60 1 3 1
2 Quinton Howden Jerry D'Amigo 40 1 3 1
Penalty Kill 4 Players Defense
Defense Defense Time % Phy DF OF
1 Aaron Ekblad Niklas Hansson 60 1 4 0
2 William Colbert John Draeger 40 1 4 0
Penalty Kill - 3 Players Forward
Forward Time % Phy DF OF
1 Michael Latta 60 1 3 1
2 Tobias Rieder 40 1 3 1
Penalty Kill - 3 Players Defense
Defense Defense Time % Phy DF OF
1 Niklas Hansson Aaron Ekblad 60 1 4 0
2 John Draeger William Colbert 40 1 4 0
4 vs 4 Forward
Center Wing Time % Phy DF OF
1 Aleksander Barkov Pontus Aberg 60 0 2 3
2 Michael Latta Tobias Rieder 40 0 2 3
4 vs 4 Defense
Defense Defense Time % Phy DF OF
1 Aaron Ekblad Michal Jordan 60 0 2 3
2 William Colbert Griffin Reinhart 40 0 2 3
Last Minutes Offensive
Center Left Wing Right Wing Defense Defense
Aleksander Barkov Pontus Aberg Tobias Rieder Aaron Ekblad Griffin Reinhart
Last Minutes Defensive
Center Left Wing Right Wing Defense Defense
Aleksander Barkov Pontus Aberg Tobias Rieder Aaron Ekblad Niklas Hansson
Goaltenders
Starting : Garret Sparks
Backup : Igor Bobkov
Extra Forwards
Normal : Tobias Rieder, Aleksander Barkov, Pontus Aberg - PP : Jake Virtanen, Aleksander Barkov - PK : Michael Latta
Extra Defensemen
Normal : Griffin Reinhart, Aaron Ekblad, Michal Jordan - PP : Niklas Hansson - PK : John Draeger, Aaron Ekblad
Penalty Shots
Aleksander Barkov, Tobias Rieder, Pontus Aberg, Quinton Howden, Jerry D'Amigo
Scratches
Viktor Baldayev (Healthy), Michael Downing (Healthy), Keaton Thompson (Healthy), Kyle Platzer (Healthy), Connor Honey (Healthy)
Caleb Jones (Healthy), Matt Puempel (Upper Body Injury), Lukas Vejdemo (Healthy), Kyle Capobianco (Healthy), Dmytro Timashov (Healthy)
Anton Zlobin (Healthy), Mitchell Heard (Healthy), Nelson Nogier (Healthy), Marek Langhamer (Healthy)
% Time on Ice - Inferno
Lines # - Real PCT - Wanted PCT - Time Play
Normal Forward
1 - 40% - 40% - 16:27
2 - 28% - 30% - 11:28
3 - 16% - 20% - 6:26
4 - 16% - 10% - 6:40
Normal Defense
1 - 43% - 40% - 17:46
2 - 28% - 30% - 11:35
3 - 23% - 20% - 9:27
4 - 5% - 10% - 2:13
PP Forward
1 - 56% - 60% - 5:25
2 - 44% - 40% - 4:12
PP Defense
1 - 59% - 60% - 5:39
2 - 41% - 40% - 3:58
PK Forward
1 - 77% - 60% - 7:05
2 - 23% - 40% - 2:06
PK Defense
1 - 61% - 60% - 5:34
2 - 39% - 40% - 3:37
PK3 Forward
1 - 0% - 60%
2 - 0% - 40%
PK3 Defense
1 - 0% - 60%
2 - 0% - 40%
44 Forward
1 - 0% - 60%
2 - 0% - 40%
44 Defense
1 - 0% - 60%
2 - 0% - 40%
Last Minute Offensive - 0:11
Last Minute Defensive - 0:00
Total
Forward - 60:00
Defense - 60:00
|
% Time on Ice - Remparts
Lines # - Real PCT - Wanted PCT - Time Play
Normal Forward
1 - 34% - 40% - 14:06
2 - 26% - 30% - 10:44
3 - 25% - 20% - 10:04
4 - 15% - 10% - 6:07
Normal Defense
1 - 42% - 40% - 17:17
2 - 33% - 30% - 13:33
3 - 20% - 20% - 8:12
4 - 5% - 10% - 1:59
PP Forward
1 - 57% - 60% - 5:12
2 - 43% - 40% - 3:59
PP Defense
1 - 61% - 60% - 5:36
2 - 39% - 40% - 3:35
PK Forward
1 - 71% - 60% - 6:49
2 - 29% - 40% - 2:48
PK Defense
1 - 66% - 60% - 6:22
2 - 34% - 40% - 3:15
PK3 Forward
1 - 0% - 60%
2 - 0% - 40%
PK3 Defense
1 - 0% - 60%
2 - 0% - 40%
44 Forward
1 - 0% - 60%
2 - 0% - 40%
44 Defense
1 - 0% - 60%
2 - 0% - 40%
Last Minute Offensive - 0:00
Last Minute Defensive - 0:11
Total
Forward - 60:00
Defense - 60:00
|
Play-by-Play
1st period
0:01 of 1st period - Vladimir Sobotka wins face-off versus Aleksander Barkov in neutral zone.
0:04 of 1st period - Snap shot by Tanner Pearson.
0:04 of 1st period - Stopped by Garret Sparks with a rebound.
0:06 of 1st period - Slapshot by Bryan Rust.
0:06 of 1st period - Stopped by Garret Sparks with a rebound.
0:36 of 1st period - Michael Latta is hit by Mathieu Brodeur and loses puck.
1:54 of 1st period - Snap shot by Michael Latta.
1:54 of 1st period - Deflect By Kevin Labanc.
1:54 of 1st period - Shot Blocked by Kevin Labanc.
1:54 of 1st period - Puck is out of play.
1:55 of 1st period - Michael Latta wins face-off versus Victor Rask in Inferno zone.
2:02 of 1st period - Jake Virtanen is hit by Christian Folin and loses puck.
2:07 of 1st period - Wrist shot by Evgeny Svechnikov.
2:07 of 1st period - Shot Misses the Net.
2:26 of 1st period - Snap shot by Tanner Pearson.
2:26 of 1st period - Stopped by Garret Sparks with a rebound.
2:31 of 1st period - Off-side.
2:32 of 1st period - Philip Varone wins face-off versus Quinton Howden in neutral zone.
2:35 of 1st period - Griffin Reinhart is hit by Matthew Nieto and loses puck.
2:58 of 1st period - Bryan Rust is hit by Tobias Rieder and loses puck.
3:13 of 1st period - Minor Penalty to Vladimir Sobotka for Diving.
3:14 of 1st period - Ryan Spooner wins face-off versus Aleksander Barkov in Inferno zone.
5:13 of 1st period - Penalty to Vladimir Sobotka is over, Vladimir Sobotka is back on ice.
5:31 of 1st period - Snap shot by Cedric Paquette.
5:31 of 1st period - Stopped by Michael Hutchinson without a rebound.
5:32 of 1st period - Cedric Paquette wins face-off versus Ryan Spooner in Inferno zone.
5:33 of 1st period - Snap shot by Michael McCarron.
5:33 of 1st period - Shot Misses the Net.
5:35 of 1st period - Snap shot by Juuso Ikonen.
5:35 of 1st period - Stopped by Michael Hutchinson with a rebound.
5:39 of 1st period - Snap shot by Juuso Ikonen.
5:39 of 1st period - Shot Blocked by Frank Corrado.
5:41 of 1st period - Snap shot by Niklas Hansson.
5:41 of 1st period - Shot Misses the Net.
5:43 of 1st period - Slapshot by John Draeger.
5:43 of 1st period - Stopped by Michael Hutchinson with a rebound.
6:04 of 1st period - Slapshot by Evgeny Svechnikov.
6:04 of 1st period - Stopped by Garret Sparks with a rebound.
6:44 of 1st period - Slapshot by Griffin Reinhart.
6:44 of 1st period - Stopped by Michael Hutchinson without a rebound.
6:45 of 1st period - Ryan Spooner wins face-off versus Michael McCarron in Inferno zone.
6:54 of 1st period - Slapshot by Cedric Paquette.
6:54 of 1st period - Shot Misses the Net.
6:56 of 1st period - Backhand shot by Griffin Reinhart.
6:56 of 1st period - Stopped by Michael Hutchinson with a rebound.
7:12 of 1st period - Backhand shot by Pontus Aberg.
7:12 of 1st period - Stopped by Michael Hutchinson with a rebound.
7:14 of 1st period - Backhand shot by Aleksander Barkov.
7:14 of 1st period - Stopped by Michael Hutchinson with a rebound.
7:16 of 1st period - Snap shot by Tobias Rieder.
7:16 of 1st period - Stopped by Michael Hutchinson with a rebound.
7:18 of 1st period - Backhand shot by Tobias Rieder.
7:18 of 1st period - Deflect By Esa Lindell.
7:18 of 1st period - Stopped by Michael Hutchinson without a rebound.
7:19 of 1st period - Jake Virtanen wins face-off versus Vladimir Sobotka in Inferno zone.
7:24 of 1st period - Snap shot by Michael Latta.
7:24 of 1st period - Stopped by Michael Hutchinson with a rebound.
7:26 of 1st period - Slapshot by Michael Latta.
7:26 of 1st period - Shot Misses the Net.
7:28 of 1st period - Wrist shot by Michael Latta.
7:28 of 1st period - Stopped by Michael Hutchinson without a rebound.
7:29 of 1st period - Michael Latta wins face-off versus Vladimir Sobotka in Inferno zone.
7:54 of 1st period - Snap shot by Michael Latta.
7:54 of 1st period - Shot Blocked by Vladimir Sobotka.
7:56 of 1st period - Wrist shot by Michael Latta.
7:56 of 1st period - Stopped by Michael Hutchinson with a rebound.
7:58 of 1st period - Slapshot by Michal Jordan.
7:58 of 1st period - Stopped by Michael Hutchinson without a rebound.
7:59 of 1st period - Aleksander Barkov wins face-off versus Philip Varone in Inferno zone.
8:06 of 1st period - Pontus Aberg is hit by Philip Varone and loses puck.
8:34 of 1st period - Niklas Hansson is hit by Barclay Goodrow and loses puck.
8:49 of 1st period - Jake DeBrusk is hit by Pontus Aberg and loses puck.
8:56 of 1st period - Aleksander Barkov is hit by Evgeny Svechnikov and loses puck.
9:35 of 1st period - Snap shot by Michael Latta.
9:35 of 1st period - Shot Blocked by Philip Varone.
10:31 of 1st period - Snap shot by Bryan Rust.
10:31 of 1st period - Stopped by Garret Sparks without a rebound.
10:32 of 1st period - Vladimir Sobotka wins face-off versus Cedric Paquette in Remparts zone.
10:43 of 1st period - Snap shot by Tanner Pearson.
10:43 of 1st period - Shot Misses the Net.
10:52 of 1st period - Icing by William Colbert.
10:53 of 1st period - Philip Varone wins face-off versus Cedric Paquette in Remparts zone.
10:54 of 1st period - Snap shot by Kevin Labanc.
10:54 of 1st period - Deflect By Matthew Nieto.
10:54 of 1st period - Stopped by Garret Sparks without a rebound.
10:55 of 1st period - Philip Varone wins face-off versus Aleksander Barkov in Remparts zone.
11:42 of 1st period - William Colbert is hit by Bryan Rust and loses puck.
11:55 of 1st period - Snap shot by Bryan Rust.
11:55 of 1st period - Shot Misses the Net.
12:01 of 1st period - Minor Penalty to Griffin Reinhart for Hooking.
12:02 of 1st period - Michael Latta wins face-off versus Victor Rask in Remparts zone.
13:16 of 1st period - Jake DeBrusk is hit by John Draeger and loses puck.
14:01 of 1st period - Penalty to Griffin Reinhart is over, Griffin Reinhart is back on ice.
14:26 of 1st period - Off-side.
14:27 of 1st period - Vladimir Sobotka wins face-off versus Michael Latta in neutral zone.
14:36 of 1st period - Bryan Rust is hit by Michael Latta and loses puck.
14:55 of 1st period - Backhand shot by Jerry D'Amigo.
14:55 of 1st period - Stopped by Michael Hutchinson without a rebound.
14:56 of 1st period - Vladimir Sobotka wins face-off versus Aleksander Barkov in Inferno zone.
15:42 of 1st period - Snap shot by Jake DeBrusk.
15:42 of 1st period - Deflect By John Draeger.
15:42 of 1st period - Shot Misses the Net.
15:42 of 1st period - Puck is out of play.
15:43 of 1st period - Quinton Howden wins face-off versus Victor Rask in Remparts zone.
15:58 of 1st period - Slapshot by Jake DeBrusk.
15:58 of 1st period - Stopped by Garret Sparks without a rebound.
15:59 of 1st period - Aleksander Barkov wins face-off versus Bryan Rust in Remparts zone.
16:08 of 1st period - Slapshot by Aleksander Barkov.
16:08 of 1st period - Shot Blocked by Esa Lindell.
16:10 of 1st period - Backhand shot by Michal Jordan.
16:10 of 1st period - Stopped by Michael Hutchinson with a rebound.
16:12 of 1st period - Snap shot by Michal Jordan.
16:12 of 1st period - Stopped by Michael Hutchinson with a rebound.
16:14 of 1st period - Slapshot by Aaron Ekblad.
16:14 of 1st period - Goal by Aaron Ekblad - Inferno : 0 - Remparts : 1.
16:15 of 1st period - Aleksander Barkov wins face-off versus Vladimir Sobotka in neutral zone.
16:27 of 1st period - Slapshot by Esa Lindell.
16:27 of 1st period - Deflect By Aaron Ekblad.
16:27 of 1st period - Stopped by Garret Sparks without a rebound.
16:28 of 1st period - Aleksander Barkov wins face-off versus Philip Varone in Remparts zone.
16:28 of 1st period - Aleksander Barkov is hit by Philip Varone.
16:40 of 1st period - Kevin Labanc is hit by Tobias Rieder and loses puck.
16:57 of 1st period - Minor Penalty to Esa Lindell for Hooking.
16:58 of 1st period - Vladimir Sobotka wins face-off versus Aleksander Barkov in Inferno zone.
17:09 of 1st period - Slapshot by Aaron Ekblad.
17:09 of 1st period - Shot Blocked by Vladimir Sobotka.
17:33 of 1st period - Christian Folin is hit by Jake Virtanen.
17:37 of 1st period - Kirill Kaprizov is hit by Vladimir Sobotka.
18:57 of 1st period - Penalty to Esa Lindell is over, Esa Lindell is back on ice.
19:08 of 1st period - Snap shot by Quinton Howden.
19:08 of 1st period - Stopped by Michael Hutchinson with a rebound.
Goals for this period are 0 for Inferno vs 1 for Remparts.
Shots for this period are 8 for Inferno vs 18 for Remparts.
2nd period
0:01 of 2nd period - Aleksander Barkov wins face-off versus Vladimir Sobotka in neutral zone.
0:10 of 2nd period - Slapshot by Tobias Rieder.
0:10 of 2nd period - Deflect By Aleksander Barkov.
0:10 of 2nd period - Stopped by Michael Hutchinson without a rebound.
0:11 of 2nd period - Aleksander Barkov wins face-off versus Vladimir Sobotka in Inferno zone.
0:16 of 2nd period - Slapshot by Aleksander Barkov.
0:16 of 2nd period - Shot Blocked by Greg Pateryn.
0:18 of 2nd period - Slapshot by Michal Jordan.
0:18 of 2nd period - Stopped by Michael Hutchinson with a rebound.
0:22 of 2nd period - Wrist shot by Aleksander Barkov.
0:22 of 2nd period - Stopped by Michael Hutchinson with a rebound.
0:26 of 2nd period - Snap shot by Aleksander Barkov.
0:26 of 2nd period - Stopped by Michael Hutchinson with a rebound.
0:51 of 2nd period - Wrist shot by Vladimir Sobotka.
0:51 of 2nd period - Shot Misses the Net.
0:53 of 2nd period - Slapshot by Christian Folin.
0:53 of 2nd period - Shot Misses the Net.
1:09 of 2nd period - Slapshot by Bryan Rust.
1:09 of 2nd period - Shot Misses the Net.
1:11 of 2nd period - Snap shot by Tanner Pearson.
1:11 of 2nd period - Shot Misses the Net.
1:13 of 2nd period - Snap shot by Bryan Rust.
1:13 of 2nd period - Deflect By Tanner Pearson.
1:13 of 2nd period - Shot Misses the Net.
1:13 of 2nd period - Puck is out of play.
1:14 of 2nd period - Aleksander Barkov wins face-off versus Philip Varone in Remparts zone.
1:23 of 2nd period - Slapshot by Kevin Labanc.
1:23 of 2nd period - Stopped by Garret Sparks without a rebound.
1:24 of 2nd period - Philip Varone wins face-off versus Pontus Aberg in Remparts zone.
1:42 of 2nd period - Slapshot by Kevin Labanc.
1:42 of 2nd period - Shot Misses the Net.
1:44 of 2nd period - Wrist shot by Matthew Nieto.
1:44 of 2nd period - Stopped by Garret Sparks with a rebound.
1:46 of 2nd period - Wrist shot by Philip Varone.
1:46 of 2nd period - Shot Misses the Net.
1:54 of 2nd period - Snap shot by Kevin Labanc.
1:54 of 2nd period - Shot Misses the Net.
1:56 of 2nd period - Slapshot by Mathieu Brodeur.
1:56 of 2nd period - Stopped by Garret Sparks with a rebound.
2:07 of 2nd period - Minor Penalty to Aleksander Barkov for Tripping.
2:08 of 2nd period - Victor Rask wins face-off versus Michael Latta in Remparts zone.
2:16 of 2nd period - Slapshot by Christian Folin.
2:16 of 2nd period - Shot Misses the Net.
2:18 of 2nd period - Snap shot by Kevin Labanc.
2:18 of 2nd period - Shot Misses the Net.
2:34 of 2nd period - Aaron Ekblad is hit by Esa Lindell and loses puck.
3:17 of 2nd period - John Draeger is hit by Philip Varone and loses puck.
3:35 of 2nd period - Icing by Esa Lindell.
3:36 of 2nd period - Victor Rask wins face-off versus Cedric Paquette in Inferno zone.
3:53 of 2nd period - Christian Folin is hit by Jerry D'Amigo and loses puck.
4:07 of 2nd period - Penalty to Aleksander Barkov is over, Aleksander Barkov is back on ice.
4:46 of 2nd period - Snap shot by Bryan Rust.
4:46 of 2nd period - Shot Misses the Net.
4:58 of 2nd period - Wrist shot by Jerry D'Amigo.
4:58 of 2nd period - Shot Blocked by Ryan Spooner.
5:02 of 2nd period - Snap shot by Quinton Howden.
5:02 of 2nd period - Shot Misses the Net.
6:04 of 2nd period - Minor Penalty to Frank Corrado for Tripping.
6:05 of 2nd period - Vladimir Sobotka wins face-off versus Aleksander Barkov in Inferno zone.
6:05 of 2nd period - Vladimir Sobotka is hit by Michal Jordan.
6:18 of 2nd period - Snap shot by Aaron Ekblad.
6:18 of 2nd period - Deflect By Pontus Aberg.
6:18 of 2nd period - Shot Blocked by Bryan Rust.
6:18 of 2nd period - Puck is out of play.
6:19 of 2nd period - Vladimir Sobotka wins face-off versus Aleksander Barkov in Inferno zone.
6:19 of 2nd period - Vladimir Sobotka is hit by Tobias Rieder.
6:37 of 2nd period - Esa Lindell is hit by Aleksander Barkov and loses puck.
7:58 of 2nd period - Ryan Spooner is hit by Kirill Kaprizov and loses puck.
8:04 of 2nd period - Penalty to Frank Corrado is over, Frank Corrado is back on ice.
8:35 of 2nd period - Minor Penalty to Quinton Howden for Hooking.
8:36 of 2nd period - Victor Rask wins face-off versus Michael Latta in Remparts zone.
8:37 of 2nd period - Wrist shot by Kevin Labanc.
8:37 of 2nd period - Shot Misses the Net.
8:39 of 2nd period - Wrist shot by Mathieu Brodeur.
8:39 of 2nd period - Stopped by Garret Sparks without a rebound.
8:40 of 2nd period - Michael Latta wins face-off versus Victor Rask in Remparts zone.
9:13 of 2nd period - Wrist shot by Jerry D'Amigo.
9:13 of 2nd period - Stopped by Michael Hutchinson without a rebound.
9:14 of 2nd period - Victor Rask wins face-off versus Cedric Paquette in Inferno zone.
9:21 of 2nd period - Slapshot by Esa Lindell.
9:21 of 2nd period - Goal by Esa Lindell - Inferno : 1 - Remparts : 1.
9:22 of 2nd period - Aleksander Barkov wins face-off versus Vladimir Sobotka in neutral zone.
9:24 of 2nd period - Aaron Ekblad is hit by Christian Folin and loses puck.
9:29 of 2nd period - Wrist shot by Aleksander Barkov.
9:29 of 2nd period - Stopped by Michael Hutchinson with a rebound.
9:31 of 2nd period - Snap shot by Aaron Ekblad.
9:31 of 2nd period - Stopped by Michael Hutchinson with a rebound.
9:33 of 2nd period - Wrist shot by Pontus Aberg.
9:33 of 2nd period - Shot Misses the Net.
9:35 of 2nd period - Snap shot by Tobias Rieder.
9:35 of 2nd period - Shot Misses the Net.
9:37 of 2nd period - Wrist shot by Pontus Aberg.
9:37 of 2nd period - Stopped by Michael Hutchinson without a rebound.
9:38 of 2nd period - Matthew Nieto wins face-off versus Michael Latta in Inferno zone.
9:43 of 2nd period - Slapshot by Christian Folin.
9:43 of 2nd period - Stopped by Garret Sparks without a rebound.
9:44 of 2nd period - Michael Latta wins face-off versus Philip Varone in Remparts zone.
9:44 of 2nd period - Michael Latta is hit by Matthew Nieto.
9:53 of 2nd period - Off-side.
9:54 of 2nd period - Vladimir Sobotka wins face-off versus Pontus Aberg in neutral zone.
10:47 of 2nd period - Off-side.
10:48 of 2nd period - Cedric Paquette wins face-off versus Philip Varone in neutral zone.
11:40 of 2nd period - Wrist shot by Michael Latta.
11:40 of 2nd period - Shot Blocked by Frank Corrado.
11:42 of 2nd period - Snap shot by Aaron Ekblad.
11:42 of 2nd period - Shot Misses the Net.
11:44 of 2nd period - Slapshot by Aaron Ekblad.
11:44 of 2nd period - Shot Misses the Net.
11:46 of 2nd period - Wrist shot by Michael Latta.
11:46 of 2nd period - Shot Blocked by Rasmus Andersson.
11:52 of 2nd period - Minor Penalty to Peter Cehlarik for High sticking.
11:53 of 2nd period - Aleksander Barkov wins face-off versus Vladimir Sobotka in Inferno zone.
11:56 of 2nd period - Snap shot by Aleksander Barkov.
11:56 of 2nd period - Goal by Aleksander Barkov - Inferno : 1 - Remparts : 2.
11:57 of 2nd period - Vladimir Sobotka wins face-off versus Aleksander Barkov in neutral zone.
12:46 of 2nd period - Slapshot by Aaron Ekblad.
12:46 of 2nd period - Stopped by Michael Hutchinson without a rebound.
12:47 of 2nd period - Jerry D'Amigo wins face-off versus Vladimir Sobotka in Inferno zone.
12:52 of 2nd period - Snap shot by Quinton Howden.
12:52 of 2nd period - Stopped by Michael Hutchinson without a rebound.
12:53 of 2nd period - Vladimir Sobotka wins face-off versus Aleksander Barkov in Inferno zone.
13:04 of 2nd period - Mathieu Brodeur is hit by Griffin Reinhart and loses puck.
13:22 of 2nd period - Minor Penalty to Kirill Kaprizov for Hooking.
13:23 of 2nd period - Victor Rask wins face-off versus Michael Latta in Remparts zone.
13:45 of 2nd period - Niklas Hansson is hit by Victor Rask and loses puck.
14:06 of 2nd period - Wrist shot by Jake DeBrusk.
14:06 of 2nd period - Stopped by Garret Sparks with a rebound.
14:56 of 2nd period - Mathieu Brodeur is hit by Jerry D'Amigo and loses puck.
15:22 of 2nd period - Penalty to Kirill Kaprizov is over, Kirill Kaprizov is back on ice.
15:29 of 2nd period - Snap shot by Cedric Paquette.
15:29 of 2nd period - Stopped by Michael Hutchinson with a rebound.
16:32 of 2nd period - Minor Penalty to Peter Cehlarik for Cross-checking.
16:33 of 2nd period - Aleksander Barkov wins face-off versus Bryan Rust in Inferno zone.
17:06 of 2nd period - Wrist shot by Matthew Nieto.
17:06 of 2nd period - Stopped by Garret Sparks with a rebound.
17:08 of 2nd period - Slapshot by Philip Varone.
17:08 of 2nd period - Stopped by Garret Sparks without a rebound.
17:09 of 2nd period - Philip Varone wins face-off versus Aleksander Barkov in Remparts zone.
17:39 of 2nd period - Wrist shot by Michael Latta.
17:39 of 2nd period - Stopped by Michael Hutchinson with a rebound.
17:41 of 2nd period - Slapshot by William Colbert.
17:41 of 2nd period - Goal by William Colbert - Inferno : 1 - Remparts : 3.
17:42 of 2nd period - Aleksander Barkov wins face-off versus Vladimir Sobotka in neutral zone.
17:45 of 2nd period - Snap shot by Aleksander Barkov.
17:45 of 2nd period - Stopped by Michael Hutchinson with a rebound.
17:58 of 2nd period - Icing by Bryan Rust.
17:59 of 2nd period - Michael Latta wins face-off versus Vladimir Sobotka in Inferno zone.
18:41 of 2nd period - Wrist shot by Bryan Rust.
18:41 of 2nd period - Stopped by Garret Sparks with a rebound.
19:07 of 2nd period - Snap shot by Michal Jordan.
19:07 of 2nd period - Stopped by Michael Hutchinson with a rebound.
19:09 of 2nd period - Slapshot by Quinton Howden.
19:09 of 2nd period - Shot Misses the Net.
19:11 of 2nd period - Snap shot by Roberts Lipsbergs.
19:11 of 2nd period - Shot Blocked by Christian Folin.
19:19 of 2nd period - Wrist shot by Quinton Howden.
19:19 of 2nd period - Stopped by Michael Hutchinson with a rebound.
19:21 of 2nd period - Snap shot by Michal Jordan.
19:21 of 2nd period - Stopped by Michael Hutchinson with a rebound.
19:23 of 2nd period - Slapshot by Michal Jordan.
19:23 of 2nd period - Deflect By Quinton Howden.
19:23 of 2nd period - Deflect By Christian Folin.
19:23 of 2nd period - Shot Blocked by Christian Folin.
19:23 of 2nd period - Puck is out of play.
19:24 of 2nd period - Philip Varone wins face-off versus Aleksander Barkov in Inferno zone.
19:49 of 2nd period - Victor Rask is hit by Michael Latta and loses puck.
Goals for this period are 1 for Inferno vs 2 for Remparts.
Shots for this period are 10 for Inferno vs 18 for Remparts.
3rd period
0:01 of 3rd period - Aleksander Barkov wins face-off versus Philip Varone in neutral zone.
0:34 of 3rd period - Snap shot by Bryan Rust.
0:34 of 3rd period - Deflect By Vladimir Sobotka.
0:34 of 3rd period - Shot Misses the Net.
0:34 of 3rd period - Puck is out of play.
0:35 of 3rd period - Vladimir Sobotka wins face-off versus Michael Latta in Remparts zone.
0:41 of 3rd period - Minor Penalty to Greg Pateryn for Hooking.
0:42 of 3rd period - Aleksander Barkov wins face-off versus Vladimir Sobotka in Inferno zone.
0:43 of 3rd period - Slapshot by Pontus Aberg.
0:43 of 3rd period - Goal by Pontus Aberg - Inferno : 1 - Remparts : 4.
0:44 of 3rd period - Aleksander Barkov wins face-off versus Matthew Nieto in neutral zone.
1:17 of 3rd period - Snap shot by Michael Latta.
1:17 of 3rd period - Shot Blocked by Christian Folin.
1:35 of 3rd period - Greg Pateryn is hit by Cedric Paquette and loses puck.
2:00 of 3rd period - Griffin Reinhart is hit by Matthew Nieto and loses puck.
2:24 of 3rd period - Off-side.
2:25 of 3rd period - Aleksander Barkov wins face-off versus Vladimir Sobotka in neutral zone.
2:27 of 3rd period - Michal Jordan is hit by Mathieu Brodeur and loses puck.
2:35 of 3rd period - Minor Penalty to Vladimir Sobotka for Tripping.
2:36 of 3rd period - Ryan Spooner wins face-off versus Aleksander Barkov in Inferno zone.
4:19 of 3rd period - Greg Pateryn is hit by Jake Virtanen and loses puck.
4:35 of 3rd period - Penalty to Vladimir Sobotka is over, Vladimir Sobotka is back on ice.
4:46 of 3rd period - William Colbert is hit by Ryan Spooner.
4:56 of 3rd period - Rasmus Andersson is hit by Jerry D'Amigo and loses puck.
5:25 of 3rd period - Snap shot by Tanner Pearson.
5:25 of 3rd period - Shot Misses the Net.
5:39 of 3rd period - Icing by Barclay Goodrow.
5:40 of 3rd period - Jerry D'Amigo wins face-off versus Ryan Spooner in Inferno zone.
5:49 of 3rd period - Quinton Howden is hit by Ryan Spooner and loses puck.
6:28 of 3rd period - Wrist shot by Vladimir Sobotka.
6:28 of 3rd period - Shot Misses the Net.
6:30 of 3rd period - Snap shot by Tanner Pearson.
6:30 of 3rd period - Shot Hit the Post.
6:42 of 3rd period - Slapshot by Jake Virtanen.
6:42 of 3rd period - Shot Misses the Net.
6:44 of 3rd period - Slapshot by Michael Latta.
6:44 of 3rd period - Remparts goal is going for a video replay.
6:44 of 3rd period - The goal is refused. The attacking player has interfered with a goalkeeper in his goal crease..
6:45 of 3rd period - Philip Varone wins face-off versus Michael Latta in Inferno zone.
6:45 of 3rd period - Philip Varone is hit by Jake Virtanen.
7:19 of 3rd period - Slapshot by Kirill Kaprizov.
7:19 of 3rd period - Stopped by Michael Hutchinson without a rebound.
7:20 of 3rd period - Aleksander Barkov wins face-off versus Philip Varone in Inferno zone.
7:41 of 3rd period - Minor Penalty to Griffin Reinhart for Roughing.
7:42 of 3rd period - Michael Latta wins face-off versus Victor Rask in Remparts zone.
8:52 of 3rd period - Victor Rask is hit by William Colbert.
9:41 of 3rd period - Penalty to Griffin Reinhart is over, Griffin Reinhart is back on ice.
10:00 of 3rd period - Vladimir Sobotka is hit by Griffin Reinhart and loses puck.
10:07 of 3rd period - Slapshot by Esa Lindell.
10:07 of 3rd period - Shot Blocked by Michael Latta.
10:15 of 3rd period - Vladimir Sobotka is hit by Michael Latta and loses puck.
10:33 of 3rd period - Snap shot by Ryan Spooner.
10:33 of 3rd period - Stopped by Garret Sparks with a rebound.
11:09 of 3rd period - Tanner Pearson is hit by John Draeger and loses puck.
11:58 of 3rd period - Tobias Rieder is hit by Ryan Spooner.
13:05 of 3rd period - Snap shot by Tobias Rieder.
13:05 of 3rd period - Stopped by Michael Hutchinson without a rebound.
13:06 of 3rd period - Aleksander Barkov wins face-off versus Victor Rask in Inferno zone.
13:59 of 3rd period - Snap shot by Kevin Labanc.
13:59 of 3rd period - Shot Misses the Net.
14:01 of 3rd period - Snap shot by Philip Varone.
14:01 of 3rd period - Deflect By Kevin Labanc.
14:01 of 3rd period - Shot Misses the Net.
14:01 of 3rd period - Puck is out of play.
14:02 of 3rd period - Aleksander Barkov wins face-off versus Kevin Labanc in Remparts zone.
14:15 of 3rd period - Wrist shot by Pontus Aberg.
14:15 of 3rd period - Stopped by Michael Hutchinson without a rebound.
14:16 of 3rd period - Michael Latta wins face-off versus Vladimir Sobotka in Inferno zone.
14:30 of 3rd period - Icing by Tanner Pearson.
14:31 of 3rd period - Vladimir Sobotka wins face-off versus Aleksander Barkov in Inferno zone.
14:38 of 3rd period - Backhand shot by Greg Pateryn.
14:38 of 3rd period - Deflect By Michal Jordan.
14:38 of 3rd period - Stopped by Garret Sparks with a rebound.
14:40 of 3rd period - Snap shot by Bryan Rust.
14:40 of 3rd period - Stopped by Garret Sparks with a rebound.
14:42 of 3rd period - Backhand shot by Bryan Rust.
14:42 of 3rd period - Stopped by Garret Sparks with a rebound.
14:44 of 3rd period - Snap shot by Greg Pateryn.
14:44 of 3rd period - Deflect By Aaron Ekblad.
14:44 of 3rd period - Stopped by Garret Sparks without a rebound.
14:45 of 3rd period - Aleksander Barkov wins face-off versus Philip Varone in Remparts zone.
15:17 of 3rd period - Tanner Pearson is hit by Jake Virtanen and loses puck.
16:30 of 3rd period - Greg Pateryn is hit by Cedric Paquette and loses puck.
17:06 of 3rd period - Wrist shot by Evgeny Svechnikov.
17:06 of 3rd period - Shot Misses the Net.
17:08 of 3rd period - Backhand shot by Mathieu Brodeur.
17:08 of 3rd period - Shot Blocked by Kirill Kaprizov.
17:10 of 3rd period - Snap shot by Victor Rask.
17:10 of 3rd period - Deflect By Jake DeBrusk.
17:10 of 3rd period - Stopped by Garret Sparks with a rebound.
18:04 of 3rd period - Wrist shot by Bryan Rust.
18:04 of 3rd period - Goal by Bryan Rust - Inferno : 2 - Remparts : 4.
18:05 of 3rd period - Victor Rask wins face-off versus Quinton Howden in neutral zone.
18:53 of 3rd period - Wrist shot by Matthew Nieto.
18:53 of 3rd period - Goal by Matthew Nieto - Inferno : 3 - Remparts : 4.
18:54 of 3rd period - Aleksander Barkov wins face-off versus Tanner Pearson in neutral zone.
18:54 of 3rd period - Pontus Aberg is hit by Vladimir Sobotka and loses puck.
19:04 of 3rd period - Minor Penalty to Niklas Hansson for Interference.
19:05 of 3rd period - Michael Latta wins face-off versus Victor Rask in Remparts zone.
19:16 of 3rd period - Inferno, Michael Hutchinson is pulled from the net.
19:40 of 3rd period - Wrist shot by Esa Lindell.
19:40 of 3rd period - Deflect By Philip Varone.
19:40 of 3rd period - Shot Blocked by John Draeger.
19:40 of 3rd period - Puck is out of play.
19:41 of 3rd period - Dan Bylsma call a timeout for Inferno.
19:41 of 3rd period - Quinton Howden wins face-off versus Victor Rask in Remparts zone.
19:41 of 3rd period - Quinton Howden is hit by Kevin Labanc.
Goals for this period are 2 for Inferno vs 1 for Remparts.
Shots for this period are 8 for Inferno vs 5 for Remparts.